 Dungeon Crawl Stone Soup version 0.30-a0-930-gb9d0489357 (webtiles) character file.

Game seed: 16283706996535534310

1107 Dirtsage the Cleaver (level 8, -1/58 HPs)
             Began as a Demonspawn Fighter on Mar 23, 2023.
             Slain by a white imp (5 damage)
             ... on level 6 of the Dungeon.
             The game lasted 00:08:20 (4905 turns).

Dirtsage the Cleaver (Demonspawn Fighter)           Turns: 4905, Time: 00:08:20

Health: -1/58      AC: 14    Str: 18    XL:     8   Next: 11%
Magic:  8/8        EV:  6    Int: 11    God:
Gold:   300        SH:  4    Dex: 12    Spells: 7/7 levels left

rFire   . . .      SeeInvis .    a - +0 war axe
rCold   . . .      Faith    .    c - +0 buckler
rNeg    + . .      Spirit   .    g - +4 chain mail
rPois   .          Reflect  .    (no helmet)
rElec   .          Rampage  .    (no cloak)
rCorr   .                        (no gloves)
Will    .....                    (no boots) Stlth
                                 (no amulet)
HPRegen 0.29/turn                N - ring of positive energy
MPRegen 0.22/turn                (no ring)

@: no status effects
A: thin metallic scales 1, magic regeneration
a: no special abilities


You were on level 6 of the Dungeon.
You visited 2 branches of the dungeon, and saw 7 of its levels.

You collected 300 gold pieces.

Inventory:

Hand Weapons
 a - a +0 war axe (weapon)
Armour
 b - a +0 scale mail
 c - a +0 buckler (worn)
 g - a +4 chain mail (worn)
Magical Staves
 r - a staff of cold
Jewellery
 N - a ring of positive energy (left hand)
Wands
 v - a wand of roots (12)
Scrolls
 f - a scroll of butterflies {unknown}
 i - 2 scrolls of identify
 j - 2 scrolls of blinking {unknown}
 k - 2 scrolls of vulnerability {unknown}
 m - a scroll of enchant armour {unknown}
 p - 2 scrolls of fear {unknown}
 t - a scroll of fog {unknown}
 w - 2 scrolls of teleportation {unknown}
Potions
 d - a potion of magic
 e - a potion of lignification {unknown}
 h - a potion of mutation {unknown}
 n - 4 potions of resistance
 o - 2 potions of attraction
 s - a potion of brilliance
 u - a potion of flight


   Skills:
 - Level 3.0 Fighting
 + Level 9.0 Axes
 - Level 2.6 Armour
 - Level 2.6 Shields


You had 7 spell levels left.
You didn't know any spells.
Your spell library contained the following spells:

 Spells                   Type           Power      Damage    Failure   Level
 Apportation              Tloc           0%         N/A       100%        1
 Necrotise                Necr           0%         1d4       100%        1
 Summon Small Mammal      Summ           0%         N/A       100%        1
 Ensorcelled Hibernation  Hex/Ice        0%         N/A       100%        2
 Ignite Poison            Fire/Tmut/Pois 0%         N/A       100%        3
 Kindle Blastsparks       Fire/Tloc/Air  0%         2d10      100%        3
 Spider Form              Tmut/Pois      0%         N/A       100%        3
 Tukima's Dance           Hex            0%         N/A       100%        3
 Vhi's Electric Charge    Tloc/Air       0%         N/A       100%        3
 Anguish                  Hex/Necr       0%         N/A       100%        4
 Passage of Golubria      Tloc           0%         N/A       100%        4
 Arcjolt                  Conj/Air       0%         1d10      100%        5
 Freezing Cloud           Conj/Ice/Air   0%         6-21      100%        5
 Yara's Violent Unravell  Hex/Tmut       0%         3d3       100%        5
 Maxwell's Capacitive Co  Air            0%         ∞         100%        8


Dungeon Overview and Level Annotations

Branches:
Dungeon (6/15)             Temple (1/1) D:6

Altars:
Ashenzari
Cheibriados
Dithmenos
Fedhas
Gozag
Okawaru
Ru
Trog
Uskayaw
Wu Jian
Yredelemnul

Shops:
D:2 (


Innate Abilities, Weirdness & Mutations

You are partially covered in thin metallic scales. (AC +2)
You regenerate magic rapidly.


Message History

You hit the black bear.
The black bear is severely wounded.
The black bear barely misses you. You block the black bear's attack. x2
The black bear bites you but does no damage.
The black bear claws you but does no damage.
The black bear claws you.
* * * LOW HITPOINT WARNING * * *
You take 4 damage, and have 16/58 hp.
You slash the black bear!
The black bear is almost dead.
The black bear barely misses you.
The black bear claws you but does no damage. x2
You completely miss the black bear.
The black bear is almost dead.
You block the black bear's attack.
The black bear claws you but does no damage.
The black bear claws you.
* * * LOW HITPOINT WARNING * * *
The black bear barely misses you. The black bear claws you.
* * * LOW HITPOINT WARNING * * *
The black bear barely misses you.
You take 7 damage, and have 9/58 hp.
You hit the black bear.
You kill the black bear!
Your Axes skill increases to level 9!
You closely miss the white imp. The white imp hits you.
* * * LOW HITPOINT WARNING * * *
The white imp freezes you.
* * * LOW HITPOINT WARNING * * *
You take 5 damage, and have 4/58 hp.
You barely miss the white imp. The white imp gestures at you.
The puff of frost hits you but does no damage.
You hit the white imp but do no damage.
The white imp hits you but does no damage.
Okay, then.
You closely miss the white imp. The white imp hits you.
* * * LOW HITPOINT WARNING * * *
The white imp freezes you.
You die...

#.#.......#......#
..... #.######
########.#
.........#
#.#.#.#..########
#...........#
###########.#
...######.#
#....5@..#
...########


You could see a white imp.

Vanquished Creatures
  A water moccasin (D:5)
  2 black bears (D:6)
  An ogre (D:6)
  A phantom (D:5)
  2 centaurs (D:5)
  A scorpion (D:4)
  A hound (D:6)
  A jelly (D:4)
  Terence (D:2)
  4 iguanas
  Natasha (twice) (D:2)
  An orc wizard (D:4)
  An adder (D:2)
  4 gnolls
  2 white imps (D:5)
  An ufetubus (D:5)
  3 worms
  A dart slug (D:5)
  15 orcs
  11 ball pythons
  5 endoplasms
  2 giant cockroaches
  8 goblins
  6 hobgoblins
  4 jackals (D:4)
  4 kobolds
  5 quokkas
  4 bats
  3 frilled lizards
  2 rats
99 creatures vanquished.

Notes
Turn   | Place    | Note
-------+----------+-------------------------------------------
     0 | D:1      | Dirtsage the Demonspawn Fighter began the quest for the
                  | Orb.
     0 | D:1      | Reached XP level 1. HP: 18/18 MP: 1/1
   172 | D:1      | Reached skill level 2 in Axes
   250 | D:1      | Gained mutation: You regenerate magic rapidly. [demonic
                  | ancestry]
   250 | D:1      | Reached XP level 2. HP: 24/24 MP: 2/2
   494 | D:1      | Reached skill level 3 in Axes
   559 | D:1      | Reached XP level 3. HP: 29/29 MP: 3/3
  1064 | D:2      | Noticed Natasha
  1073 | D:2      | Killed Natasha
  1074 | D:2      | Reached skill level 4 in Axes
  1074 | D:2      | Reached XP level 4. HP: 25/35 MP: 4/4
  1132 | D:2      | Noticed Terence
  1143 | D:2      | Killed Terence
  1176 | D:2      | Found Dothriy's Weapon Shop.
  1431 | D:2      | Found a faded altar of an unknown god.
  1431 | D:2      | Noticed Natasha
  1435 | D:2      | Killed Natasha
  1702 | D:3      | Reached XP level 5. HP: 41/41 MP: 5/5
  2432 | D:4      | Reached skill level 5 in Axes
  2577 | D:4      | HP: 1/41 [poisoned by an orc wizard]
  2586 | D:4      | HP: 1/41 [something/magic dart (6)]
  2590 | D:4      | Reached XP level 6. HP: 17/47 MP: 6/6
  2963 | D:5      | Entered Level 5 of the Dungeon
  3083 | D:5      | Reached skill level 6 in Axes
  3455 | D:5      | Reached skill level 7 in Axes
  3455 | D:5      | Reached XP level 7. HP: 46/52 MP: 7/7
  3575 | D:5      | Found a blossoming altar of Fedhas.
  3578 | D:5      | Found a hide-covered altar of Uskayaw.
  3581 | D:5      | Found an opulent altar of Gozag.
  3581 | D:5      | Found a shadowy altar of Dithmenos.
  3588 | D:5      | Found a sacrificial altar of Ru.
  4036 | D:6      | Found a staircase to the Ecumenical Temple.
  4058 | Temple   | Entered the Ecumenical Temple
  4474 | D:6      | Reached skill level 8 in Axes
  4738 | D:6      | Gained mutation: You are partially covered in thin metallic
                  | scales. (AC +2) [demonic ancestry]
  4738 | D:6      | Reached XP level 8. HP: 22/58 MP: 8/8
  4902 | D:6      | Reached skill level 9 in Axes
  4905 | D:6      | Slain by a white imp

Illustrated notes

Levels and vault maps discovered:
D:1:      amcnicky_arrival_abandoned_market, layout_basic, minivault_4,
          serial_park_tiny_pond
D:2:      layout_loops_cross, chequers_ecumenical_altar_island, serial_shops,
          nicolae_shop_stone, uniq_terence, uniq_natasha
D:3:      layout_basic
D:4:      layout_rooms
D:5:      layout_rooms, nicolae_overflow_hallway_of_the_gods
D:6:      layout_basic, lemuel_tele_altar, minmay_temple_entry_glass
Temple:   nicolae_temple_bog_church

Skill      XL: |  1  2  3  4  5  6  7  8 |
---------------+-------------------------+-----
Axes           | 2 3 4 5 7 8 9 |  9.0
Fighting       | |  3.0
Armour         | |  2.6
Shields        | |  2.6

Action                     |  1- 3 |  4- 6 |  7- 9 || total
---------------------------+-------+-------+-------++-------
  Melee: War axe           |    66 |   194 |   121 ||   381
    Use: Potion            |       |     5 |     4 ||     9
         Scroll            |       |       |     4 ||     4
 Armour: Scale mail        |    10 |       |       ||    10
         Chain mail        |    47 |   157 |   103 ||   307
  Dodge: Dodged            |    33 |    61 |    41 ||   135
  Block: Buckler           |    15 |    49 |    33 ||    97

Table legend: (Time is in decaauts)
 A = Elapsed time spent in this place.
 B = Non-inter-level travel time spent in this place.
 C = Inter-level travel time spent in this place.
 D = Time resting spent in this place.
 E = Time spent auto-exploring this place.
 F = Levels seen in this place.
 G = Mean time per level.
                   A        B        C        D        E       F      G
               +--------+--------+--------+--------+--------+-----+--------+
         Total |   5021 |   4887 |    134 |    531 |   3491 |   7 |  717.3 |
       Dungeon |   4817 |   4703 |    114 |    531 |   3315 |   6 |  802.8 |
        Temple |    203 |    183 |     20 |      0 |    175 |   1 |  203.0 |
               +--------+--------+--------+--------+--------+-----+--------+

Top non-repeatable levels by time:
     D:1: 946 daAuts
     D:3: 875 daAuts
     D:5: 869 daAuts
     D:4: 793 daAuts
     D:6: 676 daAuts
     D:2: 656 daAuts
  Temple: 203 daAuts
